[Event "Team 45 45 League T38"]
[Site "Internet Chess Club"]
[Date "2008.08.02"]
[Round "2"]
[White "natethegreat"]
[Black "Fidius"]
[Result "1-0"]
[WhiteElo "1784"]
[BlackElo "1959"]
[Opening "Scandinavian defense"]
[ECO "B01"]
[Time "15:00:34"]
[TimeControl "2700+45"]

1. e4 d5 2. exd5 Nf6 3. Bb5+ Bd7 4. Bc4 Bg4 5. f3 Bf5 6. Nc3 Nbd7 7. g4 Nb6 8.
Bb3 Bc8 9. Qe2 Nfxd5 10. Qd3 e6 11. Nge2 Qh4+ 12. Ng3 c6 13. Ne4 f5 14. gxf5
exf5 15. Nf2 Bc5 16. Qe2+ Kf7 17. O-O Re8 18. Qd3 g6 19. a4 a5 20. Kh1 Be6 21.
Nfe4 fxe4 22. fxe4+ Nf4 23. Qf3 g5 24. Nf5 Qh3 25. Qxh3 Nxh3 26. Nd4+ Nf4 27.
Nxe6 Rxe6 28. c3 Kg7 29. Rxf4 Re7 30. Rf5 Bd6 31. Rxg5+ Kf6 32. Rf5+ Kg6 33. Rf2
Kg7 34. Bc2 c5 35. d4 cxd4 36. cxd4 Nc4 37. Rg2+ Kh8 38. e5 Bc7 39. Bg5 {Black
resigns} 1-0

[Event "Team 45 45 League T38"]
[Site "Internet Chess Club"]
[Date "2008.08.01"]
[Round "2"]
[White "hewdondada"]
[Black "vkpanch"]
[Result "1-0"]
[WhiteElo "1871"]
[BlackElo "1657"]
[Opening "QGD Slav: 4.Nc3"]
[ECO "D15"]
[Time "19:00:08"]
[TimeControl "2700+45"]

1. d4 d5 2. c4 c6 3. Nf3 Nf6 4. Nc3 Bf5 5. Qb3 Qc7 6. cxd5 cxd5 7. Nxd5 Nxd5 8.
Qxd5 e6 9. Qb5+ Nc6 10. Bd2 Bd6 11. e3 O-O 12. Rc1 a6 13. Qc4 Rac8 14. Be2 e5
15. d5 e4 16. Nd4 Nxd4 17. Qxc7 Nf3+ 18. gxf3 Rxc7 19. Rxc7 Bxc7 20. Bc3 Rd8 21.
Rg1 g6 22. f4 Rxd5 23. h4 Rd6 24. h5 Bd8 25. hxg6 Rxg6 26. Rh1 Bf6 27. Bxf6 Rxf6
28. Rg1+ Rg6 29. Rxg6+ fxg6 30. Bc4+ Kf8 31. Bb3 Ke7 32. Bc2 Kd6 33. f3 Kd5 34.
Bb3+ Kc5 35. Kf2 h5 36. fxe4 Bxe4 37. Kg3 Bd5 38. Bc2 Bf7 39. Bd3 a5 40. a3 Kd6
41. e4 Ke7 42. Kh4 Kf8 43. Kg5 Kg7 44. e5 b6 45. e6 Bxe6 46. Bxg6 Bg4 47. Bxh5
Bxh5 48. Kxh5 b5 49. Kg5 a4 50. Kf5 Kf7 51. Ke5 Ke7 52. Kd5 Kf6 53. Kc5 Kf5 54.
Kxb5 Kxf4 55. Kxa4 Kf5 56. Kb4 Ke6 57. Kb5 Kd7 58. Kb6 Kc8 59. Ka7 Kc7 60. b4
Kc6 61. Ka6 Kc7 62. a4 Kc6 63. Ka7 Kc7 64. b5 Kc8 65. b6 Kd7 66. Kb7 Kd8 67. a5
Kd7 68. a6 Kd8 69. Kc6 Kc8 70. a7 Kd8 71. Kd6 Ke8 72. Ke6 Kf8 73. Kf6 Ke8 74.
a8=Q+ Kd7 75. Qd5+ Kc8 76. Qc6+ Kd8 77. Qc7+ Ke8 78. Qe7# {Black checkmated} 1-0

[Event "Team 45 45 League T38"]
[Site "Internet Chess Club"]
[Date "2008.08.01"]
[Round "2"]
[White "avila"]
[Black "mugurelt"]
[Result "0-1"]
[WhiteElo "1717"]
[BlackElo "1704"]
[Opening "King's Indian: Larsen variation"]
[ECO "E90"]
[Time "19:00:29"]
[TimeControl "2700+45"]

1. e4 g6 2. d4 Bg7 3. Nf3 d6 4. c4 Nf6 5. Nc3 O-O 6. Be3 e5 7. d5 Na6 8. Nd2 Ng4
9. Qe2 Nxe3 10. Qxe3 f5 11. f3 c5 12. dxc6 bxc6 13. a3 Nc5 14. b4 Ne6 15. Bd3
Nd4 16. Ne2 Qh4+ 17. Qf2 Qxf2+ 18. Kxf2 fxe4 19. Bxe4 Bf5 20. Nxd4 exd4 21. Bxc6
Rac8 22. Bd5+ Kh8 23. b5 d3 24. Rab1 Rce8 25. Rbd1 Re2+ 26. Kg3 g5 27. Rhf1 Be5+
28. f4 Bxf4+ 29. Rxf4 gxf4+ 30. Kxf4 Be4+ 31. Kg3 Bxd5 32. cxd5 Rg8+ 33. Kf4
Rgxg2 34. Nf3 d2 35. a4 Ref2 36. a5 Rxh2 37. Ke3 Re2+ 38. Kf4 Rh5 39. Ng5 Kg7
40. b6 axb6 41. axb6 Re8 42. Rxd2 Rb8 43. Rb2 Kf6 44. Ne4+ Ke7 45. Rb5 Rh4+ 46.
Ke3 h5 47. Ng5 Rg4 48. Ne6 h4 49. Nd4 h3 50. Nc6+ Kf7 51. Nxb8 h2 52. Rb1 Rg1
53. Nd7 Rxb1 54. b7 Rxb7 {White resigns} 0-1

[Event "Team 45 45 League T38"]
[Site "Internet Chess Club"]
[Date "2008.08.03"]
[Round "2"]
[White "RD1974"]
[Black "Caminator"]
[Result "1/2-1/2"]
[WhiteElo "1593"]
[BlackElo "1356"]
[Opening "Vienna game"]
[ECO "C28"]
[Time "19:00:12"]
[TimeControl "2700+45"]

1. e4 e5 2. Bc4 Nc6 3. Nc3 Nf6 4. d3 Be7 5. f4 d6 6. f5 O-O 7. g4 Nd7 8. Be3 Bg5
9. Bxg5 Qxg5 10. h4 Qd8 11. a3 Ne7 12. Nf3 Nb6 13. Ba2 c6 14. Qd2 Qc7 15. O-O-O
d5 16. f6 Ng6 17. fxg7 Kxg7 18. exd5 Bxg4 19. Rdf1 cxd5 20. Nxd5 Nxd5 21. Bxd5
Rad8 22. Bb3 e4 23. Ng5 Rxd3 24. Qb4 a5 25. Qc4 Qxc4 26. Bxc4 Rd7 27. h5 Ne5 28.
Bb3 h6 29. Nxe4 Bf3 30. Rhg1+ Kh8 31. Nd2 Bxh5 32. Rh1 Bg6 33. Rxh6+ Kg7 34.
Rhh1 Rfd8 35. Nc4 Nxc4 36. Bxc4 Rc7 37. Bb3 b5 38. a4 b4 39. Rd1 Rcd7 40. Rdf1
Rc7 41. Rhg1 Re8 42. Rf2 Re3 43. Kd2 Re5 44. Rfg2 Rd7+ 45. Kc1 Rd6 46. Rg5 Rxg5
47. Rxg5 Ra6 {Game drawn by mutual agreement} 1/2-1/2

[Event "Team 45 45 League T38"]
[Site "Internet Chess Club"]
[Date "2008.08.03"]
[Round "2"]
[White "sacredpawn"]
[Black "DFME"]
[Result "0-1"]
[WhiteElo "1902"]
[BlackElo "1667"]
[Opening "Ruy Lopez: closed, 7...O-O"]
[ECO "C88"]
[Time "11:00:16"]
[TimeControl "2700+45"]

1. e4 e5 2. Nf3 Nc6 3. Bb5 a6 4. Ba4 Nf6 5. O-O Be7 6. Re1 b5 7. Bb3 O-O 8. h3
Bb7 9. c3 Na5 10. Bc2 d5 11. exd5 Bd6 12. Nxe5 Bxd5 13. Nf3 Re8 14. d4 Bxf3 15.
Rxe8+ Qxe8 16. gxf3 Qe6 17. Kg2 Re8 18. Bd3 Nh5 19. b4 Nc4 20. Bxc4 Qg6+ 21. Kh1
Ng3+ 22. Kg2 Ne2+ 23. Kh1 bxc4 24. Bb2 Nf4 25. Qg1 Re1 26. Nd2 Qxg1# {White
checkmated} 0-1

[Event "Team 45 45 League T38"]
[Site "Internet Chess Club"]
[Date "2008.08.03"]
[Round "2"]
[White "pishd"]
[Black "thecheckmater"]
[Result "0-1"]
[WhiteElo "1817"]
[BlackElo "1814"]
[Opening "Queen's pawn, Mason variation"]
[ECO "D00"]
[Time "11:00:41"]
[TimeControl "2700+45"]

1. d4 d5 2. Bf4 Nf6 3. e3 e6 4. Bd3 Bd6 5. Nd2 b6 6. Ngf3 Bb7 7. Ne5 O-O 8. O-O
Ne4 9. f3 Nxd2 10. Qxd2 f6 11. Ng4 Bxf4 12. exf4 Nc6 13. c3 Qd7 14. Rae1 Rae8
15. Qc2 f5 16. Nf2 Rf6 17. Re2 Ne7 18. Rfe1 c5 19. Qd2 cxd4 20. cxd4 Nc8 21. Qb4
Bc6 22. Rc2 Nd6 23. Rec1 Rc8 24. Bf1 Rff8 25. Nd3 Nc4 26. b3 Ne3 27. Rc3 Nxf1
28. Ne5 Qb7 29. Nxc6 a5 30. Qb5 Nd2 31. Qd3 Nc4 32. bxc4 Rxc6 33. c5 bxc5 34.
Rxc5 Rfc8 35. Rb1 Qa7 36. Qb5 Rxc5 37. dxc5 Qxc5+ 38. Qxc5 Rxc5 39. Rb2 Kf7 40.
Kf2 Kf6 41. Ke3 h6 42. Kd4 Rc4+ 43. Ke3 g5 44. fxg5+ hxg5 45. g3 Ke5 46. Kd3 Ra4
47. Re2+ Kd6 48. Ke3 Ra3+ 49. Kf2 Ra4 50. Rb2 Kc5 51. Re2 Kd4 52. Rd2+ Kc3 53.
Ke2 g4 54. Rd3+ Kb2 55. fxg4 fxg4 56. Re3 Kxa2 57. Rxe6 Re4+ 58. Rxe4 dxe4 59.
h4 gxh3 60. Kf1 h2 61. Kg2 e3 {White resigns} 0-1

[Event "Team 45 45 League T38"]
[Site "Internet Chess Club"]
[Date "2008.08.02"]
[Round "2"]
[White "qwertygoodboy"]
[Black "Bill-W"]
[Result "0-1"]
[WhiteElo "1706"]
[BlackElo "1689"]
[Opening "Sicilian: accelerated fianchetto, modern variation"]
[ECO "B34"]
[Time "09:26:03"]
[TimeControl "2700+45"]

1. e4 c5 2. Nf3 g6 3. d4 cxd4 4. Nxd4 Nc6 5. Nc3 Bg7 6. Be3 Nf6 7. f3 Qb6 8. Qd2
Nxe4 9. fxe4 Bxd4 10. Bxd4 Qxd4 11. O-O-O Qxd2+ 12. Rxd2 O-O 13. Nd5 b6 14. h4
Bb7 15. Nxe7+ Nxe7 16. Rxd7 Bxe4 17. Rxe7 Rfe8 18. Rd7 Rec8 19. Bd3 Bxg2 20. Rg1
Bc6 21. Re7 Re8 22. Rge1 Kf8 23. R7e5 Rxe5 24. Rxe5 Re8 25. Rxe8+ Kxe8 26. Kd2
Ke7 27. Ke3 Kf6 28. Kf4 a5 29. b3 h6 30. a4 g5+ 31. Kg4 Bd7+ 32. Kg3 Bf5 33.
hxg5+ Kxg5 34. Kf3 h5 35. Kg3 h4+ 36. Kf3 f6 37. Kg2 Kf4 38. Kf2 Bxd3 39. cxd3
h3 40. Kg1 Ke3 41. Kh2 Kxd3 42. Kxh3 Kc3 43. Kg3 Kxb3 44. Kf4 Kxa4 45. Kf5 b5
46. Kxf6 b4 47. Ke5 b3 48. Kd4 b2 49. Kc4 b1=Q 50. Kc5 Qe4 51. Kb6 Qd5 52. Kc7
Kb5 53. Kc8 Kb6 54. Kb8 Qd8# {White checkmated} 0-1

[Event "Team 45 45 League T38"]
[Site "Internet Chess Club"]
[Date "2008.08.05"]
[Round "2"]
[White "scottrugby"]
[Black "romanrook"]
[Result "1-0"]
[WhiteElo "1569"]
[BlackElo "1592"]
[Opening "Pirc: classical, h3 system"]
[ECO "B08"]
[Time "10:00:22"]
[TimeControl "2700+45"]

1. e4 d6 2. d4 Nf6 3. Nc3 g6 4. Nf3 Bg7 5. h3 c6 6. Bd3 O-O 7. a4 Re8 8. Be3 Qc7
9. O-O Nbd7 10. Re1 e5 11. d5 cxd5 12. Nxd5 Nxd5 13. exd5 Nf6 14. Ng5 Nxd5 15.
Bxa7 Rxa7 16. Bb5 Re7 17. Qxd5 Be6 18. Nxe6 Rxe6 19. c3 Rf6 20. Re2 Qc5 21. Rd1
Qxd5 22. Rxd5 Kf8 23. Red2 Ke7 24. c4 Bh6 25. Rc2 Ra8 26. c5 Bg7 27. c6 bxc6 28.
Rxc6 Rd8 29. Rc7+ Kf8 30. a5 Rf4 31. a6 Rb4 32. Bc6 Rd4 33. a7 Rxd5 34. Bxd5
{Black resigns} 1-0

[Event "Team 45 45 League T38"]
[Site "Internet Chess Club"]
[Date "2008.08.03"]
[Round "2"]
[White "Nosferatu1"]
[Black "xakelari"]
[Result "0-1"]
[WhiteElo "1840"]
[BlackElo "2072"]
[Opening "Queen's bishop game"]
[ECO "D02"]
[Time "12:14:31"]
[TimeControl "2700+45"]

1. d4 Nf6 2. Nf3 d5 3. Bf4 e6 4. e3 c5 5. c4 Nc6 6. Nc3 cxd4 7. exd4 Bb4 8. a3
Bxc3+ 9. bxc3 O-O 10. Bd3 Qa5 11. Qc2 dxc4 12. Bxc4 Ne4 13. Bd2 Nxd2 14. Qxd2 b6
15. O-O Ba6 16. Bxa6 Qxa6 17. Rfc1 Na5 18. Qb2 Nc4 19. Qb4 Rac8 20. Ra2 Rfd8 21.
h3 h6 22. a4 Qa5 23. Qb3 Rc7 24. Rac2 Rdc8 25. Qb4 Qd5 26. Qb3 Ne3 27. Qxd5 Nxd5
28. c4 Nb4 29. Rd2 Rxc4 30. Rxc4 Rxc4 31. Kh2 Nc6 32. d5 exd5 33. Rxd5 Rxa4 34.
Rd6 Rc4 35. Nd2 Rd4 36. Rxc6 Rxd2 37. Rc7 a5 38. Rc6 Rb2 39. Kg3 a4 40. Rc8+ Kh7
41. Rc3 Rb3 42. Kf4 Rxc3 43. Ke4 a3 44. Kd4 Rc5 45. f4 a2 46. g4 a1=Q+ 47. Kd3
Qd1+ 48. Ke4 Qd5+ 49. Ke3 Rc3+ 50. Ke2 Qf3+ 51. Kd2 Qe3+ 52. Kd1 Rc1# {White
checkmated} 0-1

[Event "Team 45 45 League T38"]
[Site "Internet Chess Club"]
[Date "2008.08.03"]
[Round "2"]
[White "Rlopez"]
[Black "chipionero"]
[Result "0-1"]
[WhiteElo "1634"]
[BlackElo "1733"]
[Opening "King's Indian: orthodox, 7...Nbd7"]
[ECO "E94"]
[Time "13:00:05"]
[TimeControl "2700+45"]

1. d4 Nf6 2. c4 d6 3. Nc3 Nbd7 4. e4 g6 5. Nf3 Bg7 6. Be2 O-O 7. O-O e5 8. d5
Nc5 9. Qc2 a5 10. Bg5 h6 11. Bd2 Ne8 12. Rab1 f5 13. b3 Nf6 14. Bd3 Nxd3 15.
Qxd3 fxe4 16. Nxe4 Nxe4 17. Qxe4 Bf5 18. Qe2 Bxb1 19. Rxb1 Qf6 20. Bc3 Qf5 21.
Re1 b6 22. Nd2 Qc2 23. Ne4 Qxe2 24. Rxe2 Rf7 25. f3 Raf8 26. a4 g5 27. h3 Rf5
28. Bd2 Kh7 29. Kf2 Kg6 30. Ke3 h5 31. Kd3 Bh6 32. Kc3 g4 33. hxg4 hxg4 34. Bxh6
Kxh6 35. fxg4 Rf4 36. g3 Rxg4 37. Rh2+ Kg6 38. Rh4 Rxh4 39. gxh4 Rf3+ 40. Kc2
Rh3 41. Nc3 {White resigns} 0-1

[Event "Team 45 45 League T38"]
[Site "Internet Chess Club"]
[Date "2008.08.02"]
[Round "2"]
[White "alexcluster"]
[Black "mongmong"]
[Result "1/2-1/2"]
[WhiteElo "1679"]
[BlackElo "1618"]
[Opening "Queen's pawn"]
[ECO "A40"]
[Time "13:00:06"]
[TimeControl "2700+45"]

1. d4 e6 2. Nf3 Nf6 3. g3 b5 4. Bg2 Bb7 5. a4 b4 6. O-O c5 7. c3 cxd4 8. cxd4 a5
9. Re1 Be7 10. Nbd2 O-O 11. e4 d6 12. h4 Nbd7 13. Ng5 Rc8 14. Nb3 h6 15. Nh3 d5
16. e5 Nh7 17. Qg4 Kh8 18. Be3 Nb8 19. Rac1 Nc6 20. Ra1 Ba6 21. Rec1 Bc4 22. Nd2
Bd3 23. Nb3 Bc4 24. Nd2 Bd3 25. Nb3 Bc4 26. Nd2 {Game drawn by repetition}
1/2-1/2

[Event "Team 45 45 League T38"]
[Site "Internet Chess Club"]
[Date "2008.07.31"]
[Round "2"]
[White "chsrules88"]
[Black "pestka"]
[Result "1/2-1/2"]
[WhiteElo "2140"]
[BlackElo "2210"]
[Opening "Sicilian: Labourdonnais-Löwenthal (Kalashnikov) variation"]
[ECO "B32"]
[Time "15:36:11"]
[TimeControl "2700+45"]

1. e4 c5 2. Nf3 Nc6 3. d4 cxd4 4. Nxd4 e5 5. Nb5 d6 6. N1c3 a6 7. Na3 Be6 8. Nd5
Nf6 9. Bg5 Qa5+ 10. Bd2 Qd8 11. Bg5 {Game drawn by mutual agreement} 1/2-1/2

[Event "Team 45 45 League T38"]
[Site "Internet Chess Club"]
[Date "2008.08.04"]
[Round "2"]
[White "eurander"]
[Black "Atwode"]
[Result "1-0"]
[WhiteElo "2126"]
[BlackElo "1981"]
[Opening "Torre attack (Tartakower variation)"]
[ECO "D03"]
[Time "18:00:16"]
[TimeControl "2700+45"]

1. d4 d5 2. Nf3 Nf6 3. Bg5 Ne4 4. Bf4 c5 5. c3 cxd4 6. cxd4 Nc6 7. Nc3 e6 8. h3
Qb6 9. Rb1 Bb4 10. Rc1 O-O 11. e3 Qa5 12. Qb3 Bd7 13. a3 Rac8 14. axb4 Nxb4 15.
Be2 Ba4 16. Qa3 b5 {Black resigns} 1-0

[Event "Team 45 45 League T38"]
[Site "Internet Chess Club"]
[Date "2008.08.04"]
[Round "2"]
[White "PaulKaspar"]
[Black "tourettes"]
[Result "1-0"]
[WhiteElo "1852"]
[BlackElo "1689"]
[Opening "Ruy Lopez: Caro variation"]
[ECO "C70"]
[Time "07:09:53"]
[TimeControl "2700+45"]

1. e4 e5 2. Nf3 Nc6 3. Bb5 a6 4. Ba4 b5 5. Bb3 Nf6 6. d3 Bd6 7. O-O O-O 8. h3
Bb7 9. Be3 Na5 10. c3 Nxb3 11. Qxb3 c5 12. Nbd2 Rb8 13. a4 Bc6 14. axb5 axb5 15.
Bg5 h6 16. Bh4 g5 17. Bg3 Qe7 18. Rfd1 Nh5 19. Bh2 Nf4 20. Bxf4 gxf4 21. d4 exd4
22. cxd4 Bxe4 23. Nxe4 Qxe4 24. dxc5 Bxc5 25. Rxd7 Qe2 26. Nd4 Qe4 27. Rd1 Qg6
28. Qd5 Bxd4 29. Qxd4 f3 30. g3 Qf5 31. Kh2 Qg6 32. Qf4 Rb6 33. Qxf3 Rf6 34. Qe2
Rc8 35. Rd8+ Rxd8 36. Rxd8+ Kg7 37. Kg2 Rf5 38. Qe8 Qh7 39. Qf8+ Kf6 40. Rd6+
{Black resigns} 1-0

[Event "Team 45 45 League T38"]
[Site "Internet Chess Club"]
[Date "2008.08.03"]
[Round "2"]
[White "crankn8tr"]
[Black "netshooter"]
[Result "0-1"]
[WhiteElo "1618"]
[BlackElo "1826"]
[Opening "Scotch game"]
[ECO "C45"]
[Time "12:03:32"]
[TimeControl "2700+45"]

1. e4 e5 2. Nf3 Nc6 3. d4 exd4 4. Nxd4 Bc5 5. Be3 Qf6 6. c3 Nge7 7. Bc4 O-O 8.
O-O b6 9. a3 a5 10. Bb5 Bb7 11. Qa4 Rfd8 12. Nxc6 dxc6 13. Bxc5 cxb5 14. Bxe7
Qxe7 15. Qxb5 Qxe4 16. Qg5 h6 17. Qg3 Ba6 18. Nd2 Rxd2 19. Rfe1 Re2 20. Rxe2
Qxe2 {White resigns} 0-1

[Event "Team 45 45 League T38"]
[Site "Internet Chess Club"]
[Date "2008.08.02"]
[Round "2"]
[White "Marlboromike"]
[Black "sorinc"]
[Result "0-1"]
[WhiteElo "2108"]
[BlackElo "1998"]
[Opening "Sicilian: closed"]
[ECO "B23"]
[Time "13:01:54"]
[TimeControl "2700+45"]

1. e4 c5 2. Nc3 d6 3. g3 Nc6 4. Bg2 e5 5. d3 Nf6 6. Nge2 Nd4 7. h3 Be7 8. Be3
Bd7 9. f4 b5 10. Qd2 b4 11. Nd1 Nc6 12. O-O O-O 13. f5 a5 14. g4 h6 15. Ng3 Rc8
16. Nf2 Nh7 17. Nh5 Bg5 18. Bxg5 Qxg5 19. Qxg5 Nxg5 20. h4 Nh7 21. c3 g6 22. Ng3
g5 23. hxg5 hxg5 24. Nh5 f6 25. Nd1 Be8 26. Ng3 Kg7 27. Ne3 Bf7 28. Nd5 Bxd5 29.
exd5 Na7 30. c4 a4 31. Kf2 Rh8 32. Rh1 Nf8 33. Nh5+ Kf7 34. Be4 Nd7 35. Rh2 Rh7
36. Rah1 Rch8 37. Kg2 Nc8 38. Bf3 Ne7 39. Bd1 Nb6 40. Kf3 Ng8 41. Kg2 Ne7 42.
Ng3 Rxh2+ 43. Rxh2 Rxh2+ 44. Kxh2 Ng8 45. Ne4 Ke7 46. Kg2 Nh6 47. Kf2 Ng8 48.
Ke2 Nh6 49. Kd2 Ng8 50. Kc2 Nh6 51. a3 b3+ 52. Kc3 Nd7 53. Kd2 Nf8 54. Nc3 Nd7
55. Nxa4 e4 56. dxe4 Ne5 57. Kc3 Nhxg4 58. Kxb3 Ne3 59. Be2 g4 60. Bxg4 N3xg4
61. Kc3 Nf2 62. b4 Nxe4+ 63. Kb3 Nd2+ 64. Kc3 cxb4+ 65. Kxb4 Ndxc4 66. Nc3 Ne3
67. Kb5 Nxf5 68. Kb6 Nd4 69. a4 f5 70. a5 Nc4+ 71. Ka6 Nb3 72. Ne2 Nbxa5 73. Nd4
f4 74. Nc6+ Nxc6 75. dxc6 Kd8 76. Kb7 Na5+ {White resigns} 0-1

[Event "Team 45 45 League T38"]
[Site "Internet Chess Club"]
[Date "2008.08.09"]
[Round "2"]
[White "upturnedcircle"]
[Black "matein7"]
[Result "1/2-1/2"]
[WhiteElo "1966"]
[BlackElo "1885"]
[Opening "Catalan: closed, 5.Nf3"]
[ECO "E06"]
[Time "17:00:54"]
[TimeControl "2700+45"]

1. d4 Nf6 2. c4 e6 3. Nf3 d5 4. g3 Be7 5. Bg2 O-O 6. O-O dxc4 7. Qc2 a6 8. Qxc4
b5 9. Qc2 Bb7 10. Bd2 Nbd7 11. Ba5 Rc8 12. Rd1 Qe8 13. Ne5 Bxg2 14. Nxd7 Qxd7
15. Kxg2 c5 16. dxc5 Qb7+ 17. Kg1 Bxc5 18. Qd3 Ng4 19. Be1 Ne5 20. Qb3 h5 21.
Nd2 h4 22. gxh4 Ng6 23. Qg3 e5 24. e3 Be7 25. Nf3 Qe4 26. h5 Rc6 27. Bc3 Nh4 28.
Nxh4 Bxh4 29. Qg2 Qxg2+ 30. Kxg2 e4 31. Be5 Rc2 32. Rf1 Rd8 33. Rac1 Rdd2 34.
Rxc2 Rxc2 35. Bd4 Kh7 36. Kg1 {Game drawn by mutual agreement} 1/2-1/2

[Event "Team 45 45 League T38"]
[Site "Internet Chess Club"]
[Date "2008.07.31"]
[Round "2"]
[White "Despair"]
[Black "Beddathanme"]
[Result "0-1"]
[WhiteElo "1909"]
[BlackElo "1852"]
[Opening "Nimzovich-Larsen attack: classical variation"]
[ECO "A01"]
[Time "21:07:54"]
[TimeControl "2700+45"]

1. b3 d5 2. Bb2 c5 3. g3 e6 4. Nf3 Nc6 5. d4 Nf6 6. Bg2 b6 7. O-O Bb7 8. Nbd2
Be7 9. e3 O-O 10. c4 Rc8 11. a3 Nd7 12. cxd5 exd5 13. Ne5 Ndxe5 14. dxe5 Qd7 15.
Qh5 Rcd8 16. Rad1 Qc7 17. Nf3 d4 18. exd4 Nxd4 19. Nxd4 Bxg2 20. Kxg2 cxd4 21.
Bxd4 Bxa3 22. Kg1 Bc5 23. Bxc5 Qxc5 24. Rxd8 Rxd8 25. Rd1 Rd5 26. Qf3 Rxd1+ 27.
Qxd1 Qe7 28. Qd4 h5 29. Qd6 Qxd6 30. exd6 Kf8 31. f4 Ke8 32. Kf2 Kd7 33. Ke3
Kxd6 34. Kd4 a5 35. Kc4 Kc6 36. f5 b5+ 37. Kd4 a4 38. bxa4 bxa4 39. Kc4 Kd6 40.
f6 g5 41. Kb4 Ke6 42. Kxa4 Kxf6 43. Kb4 Ke5 44. Kc3 Ke4 45. Kd2 Kf3 {White
resigns} 0-1

[Event "Team 45 45 League T38"]
[Site "Internet Chess Club"]
[Date "2008.08.03"]
[Round "2"]
[White "aifan376"]
[Black "jazzpiano"]
[Result "0-1"]
[WhiteElo "1629"]
[BlackElo "1835"]
[Opening "Scandinavian defense"]
[ECO "B01"]
[Time "21:00:31"]
[TimeControl "2700+45"]

1. e4 d5 2. exd5 Nf6 3. Nc3 Nxd5 4. Nxd5 Qxd5 5. Nf3 Bg4 6. Be2 e5 7. d3 Nc6 8.
h3 Bh5 9. c3 O-O-O 10. b4 e4 11. dxe4 Qxe4 12. Qb3 Ne5 13. c4 Rd3 14. Qc2 Bxf3
15. gxf3 Nxf3+ 16. Kf1 Nd2+ 17. Kg1 Qxe2 {White resigns} 0-1

[Event "Team 45 45 League T38"]
[Site "Internet Chess Club"]
[Date "2008.07.30"]
[Round "2"]
[White "chiiwen"]
[Black "Fezzik"]
[Result "1-0"]
[WhiteElo "2049"]
[BlackElo "1991"]
[Opening "French: Tarrasch, closed variation"]
[ECO "C05"]
[Time "21:08:26"]
[TimeControl "2700+45"]

1. e4 e6 2. d4 d5 3. Nd2 Nf6 4. e5 Nfd7 5. f4 c5 6. c3 Nc6 7. Ndf3 Qb6 8. Ne2 f6
9. g3 cxd4 10. cxd4 Bb4+ 11. Nc3 O-O 12. a3 Be7 13. Bh3 Kh8 14. Na4 Qc7 15. O-O
fxe5 16. dxe5 Nc5 17. Nxc5 Bxc5+ 18. Kh1 Be7 19. Be3 Bd7 20. Rc1 Rac8 21. b4 Qb8
22. Qd2 a5 23. Rb1 axb4 24. axb4 Nxb4 25. Rxb4 Bxb4 26. Qxb4 Rc4 27. Qb1 Qc7 28.
Nd4 Rc8 29. Bxe6 Bxe6 30. Nxe6 Qc6 31. Nd4 Qa6 32. f5 Qa3 33. Re1 Rb4 34. Qd1
Qc3 35. f6 gxf6 36. exf6 Rf8 37. Ne6 Rf7 38. Bd2 {Black resigns} 1-0

[Event "Team 45 45 League T38"]
[Site "Internet Chess Club"]
[Date "2008.08.06"]
[Round "2"]
[White "DavidBarnsley"]
[Black "martineden"]
[Result "1-0"]
[WhiteElo "2039"]
[BlackElo "2042"]
[Opening "Caro-Kann: Gurgenidze system"]
[ECO "D00"]
[Time "13:00:08"]
[TimeControl "2700+45"]

1. d4 d5 2. Nc3 g6 3. e4 c6 4. Nf3 dxe4 5. Nxe4 Bg7 6. Bc4 Nf6 7. Neg5 O-O 8.
Ne5 e6 9. O-O Nd5 10. Ne4 Nd7 11. Nxd7 Qxd7 12. c3 b6 13. Qf3 f5 14. Ng3 e5 15.
dxe5 Bxe5 16. Rd1 Bb7 17. Bh6 Bg7 18. Bxg7 Qxg7 19. Ne2 Kh8 20. Bxd5 cxd5 21.
Nd4 Rfe8 22. Qg3 Qe5 23. Qxe5+ Rxe5 24. f3 Rae8 25. Kf2 a6 26. Re1 Kg7 27. Rxe5
Rxe5 28. Re1 Kf6 29. b4 h6 30. a4 Ba8 31. Nb3 Ke6 32. Ra1 Kd6 33. a5 Bc6 34.
axb6 Bb5 35. Nc5 Kc6 36. b7 Kc7 37. Re1 Rxe1 38. Kxe1 Bc6 39. Nxa6+ Kxb7 40.
Nc5+ Kb6 41. Kf2 Kb5 42. Nd3 Be8 43. Ne5 g5 44. Ke3 Ka4 45. Kd4 Kb3 46. Nd3 Bf7
47. Nc5+ Kc2 48. b5 Be8 49. b6 Bc6 50. b7 {Black resigns} 1-0

[Event "Team 45 45 League T38"]
[Site "Internet Chess Club"]
[Date "2008.07.31"]
[Round "2"]
[White "upsan"]
[Black "Knight77"]
[Result "0-1"]
[WhiteElo "1904"]
[BlackElo "1842"]
[Opening "Sicilian"]
[ECO "B50"]
[Time "21:32:16"]
[TimeControl "2700+45"]

1. e4 c5 2. Nf3 d6 3. c4 Nc6 4. Nc3 g6 5. d4 cxd4 6. Nxd4 Bg7 7. Be3 Nf6 8. Be2
O-O 9. O-O Bd7 10. Qd2 Re8 11. Rad1 Qa5 12. f3 Rac8 13. Nxc6 Rxc6 14. Nd5 Qxd2
15. Rxd2 a5 16. Nxf6+ Bxf6 17. c5 Rec8 18. Bb5 R6c7 19. cxd6 exd6 20. Bxd7 Rxd7
21. Rfd1 Rdc7 22. b3 Be7 23. Bb6 Rc2 24. Bxa5 Bg5 25. Rxd6 Rxa2 26. Bd2 Rcc2 27.
Bxg5 Rxg2+ 28. Kh1 Rxh2+ 29. Kg1 Rhg2+ 30. Kf1 Rxg5 31. R1d2 Ra3 32. Rb6 Rc5 33.
Rxb7 Rc3 34. b4 Rxf3+ 35. Rf2 h5 36. b5 h4 37. Rc7 Rxf2+ 38. Kxf2 Rb3 39. Rc5
Kg7 40. Rd5 Kf6 41. Kg2 Rg3+ 42. Kh2 Rb3 43. Kg2 g5 44. Rf5+ Kg6 45. Rc5 g4 46.
Rc6+ Kg5 47. b6 Rb2+ 48. Kg1 g3 49. Rc5+ Kg4 50. Rf5 h3 51. Rxf7 h2+ {White
resigns} 0-1

[Event "Team 45 45 League T38"]
[Site "Internet Chess Club"]
[Date "2008.08.02"]
[Round "2"]
[White "Beetlejuice"]
[Black "cer7"]
[Result "0-1"]
[WhiteElo "1972"]
[BlackElo "2108"]
[Opening "Catalan: open, 5.Nf3"]
[ECO "E04"]
[Time "10:00:25"]
[TimeControl "2700+45"]

1. d4 Nf6 2. c4 e6 3. g3 d5 4. Bg2 dxc4 5. Nf3 a6 6. O-O Nc6 7. e3 Bd7 8. a4 Rb8
9. Qe2 b5 10. axb5 axb5 11. e4 Be7 12. Nc3 O-O 13. e5 Nd5 14. Ne4 Ncb4 15. Be3
Nxe3 16. fxe3 c5 17. Rf2 Nd3 18. Rff1 Bc6 19. Ned2 Nxb2 20. dxc5 Bxc5 21. Rab1
Qd3 22. Nd4 Qxe2 23. Nxe2 Bxe3+ 24. Kh1 Bxg2+ 25. Kxg2 Bxd2 26. Rxb2 c3 27. Rb3
b4 {White resigns} 0-1

[Event "Team 45 45 League T38"]
[Site "Internet Chess Club"]
[Date "2008.08.02"]
[Round "2"]
[White "Eskake"]
[Black "A-Ru"]
[Result "1/2-1/2"]
[WhiteElo "1977"]
[BlackElo "1885"]
[Opening "French: Wing gambit"]
[ECO "C00"]
[Time "11:00:10"]
[TimeControl "2700+45"]

1. e4 e6 2. Nf3 d5 3. e5 c5 4. b4 cxb4 5. d4 Nc6 6. a3 bxa3 7. Bxa3 Nge7 8. Bd3
Bd7 9. O-O Nc8 10. Bxf8 Kxf8 11. c3 Nb6 12. Na3 Na5 13. Qb1 Kg8 14. Nd2 Qc7 15.
Rc1 Nac4 16. Naxc4 dxc4 17. Be4 g6 18. Qb4 Kg7 19. Ra5 Rhc8 20. Rca1 Qb8 21. Qe7
Bc6 22. Qf6+ Kg8 23. Qh4 a6 24. Bxc6 Rxc6 25. Ne4 Nd7 26. Qh6 Qf8 27. Qh4 Qd8
28. Qh6 Qf8 29. Qh4 Qd8 30. Qh6 Qf8 {Game drawn by repetition} 1/2-1/2

[Event "Team 45 45 League T38"]
[Site "Internet Chess Club"]
[Date "2008.08.03"]
[Round "2"]
[White "Egmont"]
[Black "up-pup"]
[Result "0-1"]
[WhiteElo "1718"]
[BlackElo "1793"]
[Opening "French: Tarrasch, Guimard variation"]
[ECO "C04"]
[Time "09:30:08"]
[TimeControl "2700+45"]

1. e4 e6 2. d4 d5 3. Nd2 Nc6 4. c3 e5 5. Bb5 exd4 6. cxd4 dxe4 7. Nxe4 Bb4+ 8.
Nc3 Ne7 9. Ne2 O-O 10. O-O Bg4 11. Be3 a6 12. Bd3 Bf5 13. Bxf5 Nxf5 14. d5 Ne5
15. Qb3 Bxc3 16. Nxc3 Nxe3 17. fxe3 Ng4 18. Rf3 Re8 19. e4 Qd6 20. Rh3 Qc5+
{White resigns} 0-1